 Dungeon Crawl Stone Soup version 0.18.1-48-g4cf74bf (webtiles) character file.

142 Alarkh the Poker (level 5, 0/38 HPs)
             Began as a Mummy Skald on July 21, 2016.
             Slain by an orc wizard
             ... wielding a +0 dagger
              (3 damage)
             ... on level 3 of the Dungeon.
             The game lasted 00:06:23 (2972 turns).

Alarkh the Poker (Mummy Skald)                      Turns: 2972, Time: 00:06:24

Health: 0/38       AC:  5    Str: 16    XL:     5   Next: 3%
Magic:  1/8        EV: 11    Int: 12    God:
Gold:   198        SH:  0    Dex: 11    Spells: 3 memorised, 2 levels left

rFire  x . .     SeeInvis .     a - +0 spear
rCold  + . .     Gourm    .     b - +0 leather armour
rNeg   + + +     Faith    .     (no shield)
rPois  ∞         Spirit   .     (no helmet)
rElec  .         Dismiss  .     e - +0 cloak
rCorr  .         Reflect  .     h - +0 pair of gloves
SustAt .         Harm     .     (no boots)
MR     .....                    (no amulet)
Stlth  +.........               (no ring)
                                (no ring)

@: infused (expiring), not resistant to hostile enchantments, very unstealthy
A: no food or potions, fire vulnerability, cold resistance 1, negative energy
resistance 3, torment resistance, unbreathing
a: no special abilities


You were on level 3 of the Dungeon.
You were not hungry.

You visited 1 branch of the dungeon, and saw 3 of its levels.

You collected 198 gold pieces.

Inventory:

Hand Weapons
 a - a +0 spear (weapon)
Armour
 b - a +0 leather armour (worn)
 e - a +0 cloak (worn)
 h - a +0 pair of gloves (worn)
Jewellery
 f - an uncursed ring of teleportation
Scrolls
 d - 2 scrolls of amnesia
 g - a scroll of fog
 i - a scroll of blinking
Books
 c - a book of Battle

   Spells                             Type                      Level
   a - Infusion                       Charms                       1
   b - Shroud of Golubria             Charms/Translocation         2
   c - Song of Slaying                Charms                       2
   d - Spectral Weapon                Hexes/Charms                 3
   e - Regeneration                   Charms/Necromancy            3
 j - Sif Muna's Almanac of Transmutation
   (You found it on level 2 of the Dungeon)

   Spells                             Type                      Level
   a - Beastly Appendage              Transmutation                1


   Skills:
 - Level 2.0 Fighting
 + Level 4.3 Polearms
 - Level 0.7 Armour
 - Level 0.7 Dodging
 - Level 2.0 Spellcasting
 - Level 2.4 Charms


You had 2 spell levels left.
You knew the following spells:

 Your Spells              Type           Power        Failure   Level  Hunger
a - Infusion              Chrm           #...         14%         1    N/A
b - Shroud of Golubria    Chrm/Tloc      #.........   34%         2    N/A
c - Spectral Weapon       Hex/Chrm       #.......     69%         3    N/A

Dungeon Overview and Level Annotations

Branches:
Dungeon (3/15)

Altars:
Kikubaaqudgha
Makhleb
Sif Muna
Vehumet
Yredelemnul


Innate Abilities, Weirdness & Mutations

You do not eat or drink.
Your flesh is vulnerable to fire.
You are immune to poison.
Your flesh is cold resistant.
You are immune to negative energy.
You are immune to unholy pain and torment.
You can survive without breathing.


Message History

The orc wizard flickers and vanishes!
You barely miss something. Something hits you but does no damage.
You hit something but do no damage.
You hear some strange, mumbled words.
Something tries to affect you, but you resist.
You miss something.
Your shroud begins to fray at the edges.
Something hits you but does no damage.
You closely miss something.
You hear some strange, mumbled words.
A puff of flame appears from out of thin air!
The puff of flame hits you! The fire burns you terribly!
* * * LOW HITPOINT WARNING * * *
You barely miss something. Something hits you but does no damage.
You barely miss something. Something hits you but does no damage.
You hit something.
Your magical infusion is running out.
You hit something. Something hits you but does no damage.
You miss something. Something hits you.
You die...

#..>......##...###..
#........###.#..##..
#........###....##..
#........#.......#..
#........#....._.#..
####.#..............
##....#.......8......
#....##..............
#...@##.o..._........
#...{##..............
#....................
#....##...........%).
###....#############...
#......# #..[ #..#...#
#... #.#_#..# #...
#..#...# ####


There were no monsters in sight!

Vanquished Creatures
  Crazy Yiuf (D:2)
  3 adders (D:3)
  An ooze (D:1)
  A worm (D:3)
  4 dart slugs
  2 giant geckos
  3 orcs (D:3)
  4 bats
  3 giant cockroaches (D:1)
  8 goblins
  8 hobgoblins
  9 jackals
  8 kobolds
  2 giant newts
  2 rats
  A fungus (D:1)
60 creatures vanquished.

Notes
Turn   | Place    | Note
--------------------------------------------------------------
     0 | D:1      | Alarkh the Mummy Skald began the quest for the Orb.
     0 | D:1      | Reached XP level 1. HP: 16/16 MP: 3/3
   234 | D:1      | Reached skill level 2 in Polearms
   287 | D:1      | Reached XP level 2. HP: 16/22 MP: 3/5
   783 | D:1      | Reached XP level 3. HP: 10/27 MP: 1/6
  1175 | D:1      | Reached skill level 3 in Polearms
  1449 | D:2      | Found a radiant altar of Vehumet.
  1454 | D:2      | Found an ancient bone altar of Kikubaaqudgha.
  1457 | D:2      | Found a deep blue altar of Sif Muna.
  1470 | D:2      | Identified Sif Muna's Almanac of Transmutation
  1713 | D:2      | Noticed Crazy Yiuf
  1817 | D:3      | Found a burning altar of Makhleb.
  1821 | D:3      | Found a basalt altar of Yredelemnul.
  1864 | D:3      | Reached XP level 4. HP: 19/33 MP: 5/7
  2341 | D:3      | Found a faded altar to an unknown god.
  2518 | D:1      | Learned a level 2 spell: Shroud of Golubria
  2522 | D:1      | Learned a level 3 spell: Spectral Weapon
  2669 | D:2      | Killed Crazy Yiuf
  2669 | D:2      | Reached skill level 4 in Polearms
  2909 | D:3      | Reached XP level 5. HP: 38/38 MP: 1/8
  2972 | D:3      | Slain by an orc wizard

Skill      XL: |  1  2  3  4 |
---------------+-------------+-----
Polearms       | 2 3 4 |  4.3
Fighting       | |  2.0
Armour         | |  0.7
Dodging        | |  0.7
Spellcasting   | |  2.0
Charms         | |  2.4

Action                   |  1- 3 |  4- 6 || total
-------------------------+-------+-------++-------
Melee: Spear             |   193 |    93 ||   286
 Cast: Infusion          |    18 |     9 ||    27
       Shroud of Golubri |       |     3 ||     3
  Use: Scroll            |     1 |     4 ||     5
Armor: Leather armour    |    40 |    22 ||    62
Dodge: Dodged            |    72 |    36 ||   108
